 Dungeon Crawl Stone Soup version 0.24.0-37-gcf1ca852f1 (webtiles) character file.

Game seed: 10222631849487244661, levelgen mode: deterministic

7649 Descartes the Gouger (level 10, -5/49 HPs)
             Began as a Felid Monk on Dec 1, 2019.
             Slain by a four-headed hydra (6 damage)
             ... on level 1 of the Lair of Beasts.
             The game lasted 00:50:52 (24239 turns).

Descartes the Gouger (Felid Monk)                  Turns: 24239, Time: 00:50:54

Health: -5/49      AC:  2    Str: 12    XL:     10   Next: 99%
Magic:  16/16      EV: 29    Int: 11    God:
Gold:   1386       SH:  0    Dex: 20    Spells: 9/9 levels left
                                        Lives:  0   Deaths: 3

rFire    . . .     SeeInvis +     - Unarmed
rCold    . . .     Gourm    .   (shield unavailable)
rNeg     + . .     Faith    .   (armour unavailable)
rPois    .         Spirit   .   (helmet unavailable)
rElec    .         Reflect  .   (cloak unavailable)
rCorr    .         Harm     .   (gloves unavailable)
MR       +....                  (boots unavailable)
Stlth    +++++.....             (no amulet)
HPRegen  0.16/turn              t - ring of positive energy
MPRegen  0.15/turn              r - +2 ring of strength

@: hasted, very quick
A: very small, no armour, no weapons or thrown items, stealth, claws 1, fangs 3,
see invisible, carnivore, speed 1, shaggy fur 2, slow metabolism 1, sharp paws
a: no special abilities


You were on level 1 of the Lair of Beasts.
You were completely stuffed.

You visited 3 branches of the dungeon, and saw 12 of its levels.
You also visited: Sewer, Ossuary and Bailey.

You collected 1412 gold pieces.
You spent 26 gold pieces at shops.

Inventory:

Missiles
 z - 208 arrows
Jewellery
 r - a +2 ring of strength (right paw)
 t - a ring of positive energy (left paw)
 C - an uncursed ring of positive energy
 E - a +3 ring of strength
Wands
 j - a wand of iceblast (17)
 o - a wand of polymorph (9)
 q - a wand of acid (2)
 u - a wand of disintegration (16)
 x - a wand of paralysis (6)
 y - a wand of digging (4)
 H - a wand of random effects (12)
Scrolls
 b - 3 scrolls of amnesia
 c - 5 scrolls of remove curse
 d - 8 scrolls of magic mapping
 e - a scroll of enchant weapon
 f - a scroll of vulnerability
 h - a scroll of noise {unknown}
 k - 8 scrolls of teleportation
 m - 3 scrolls of fear
 n - a scroll of blinking {unknown}
 p - 3 scrolls of silence
 v - a scroll of immolation {unknown}
 w - 2 scrolls of summoning
 B - a scroll of fog {unknown}
 F - a scroll of torment {unknown}
 I - a scroll of identify
Potions
 g - 4 potions of flight
 i - 6 potions of curing
 l - a potion of agility
 s - 2 potions of haste
 A - a potion of brilliance
 D - a potion of resistance
Comestibles
 a - 20 rations


   Skills:
 + Level 9.0 Fighting
 + Level 11.6 Dodging
 - Level 10.0 Stealth
 * Level 12.1 Unarmed Combat
 + Level 6.6 Evocations


You had 9 spell levels left.
You didn't know any spells.
Your spell library was empty.

Dungeon Overview and Level Annotations

Branches:
Dungeon (10/15)            Temple (1/1) D:7            Lair (1/6) D:10
  Sewer (visited)         Ossuary (visited)          Bailey (visited)
    Orc: D:9-12

Altars:
Ashenzari
Cheibriados
Dithmenos
Elyvilon
Fedhas
Gozag
Hepliaklqana
Kikubaaqudgha
Makhleb
Nemelex Xobeh
Okawaru
Qazlal
Ru
Sif Muna
Trog
Uskayaw
Vehumet
Wu Jian
Xom
Yredelemnul
Zin
The Shining One
Beogh

Shops:
D:6 ?[

Annotations:
D:8 exclusion: killer bee


Innate Abilities, Weirdness & Mutations

You cannot wear armour.
You are incapable of wielding weapons or throwing items.
Your paws allow you to move quietly. (Stealth)
You have sharp claws.
You have razor-sharp teeth.
You have supernaturally acute eyesight. (SInv)
You are carnivorous and can eat meat at any time.
You cover ground quickly.
You are covered in thick fur. (AC +2)
You have a slow metabolism.
Your sharp claws are effective at attacking unaware monsters.


Message History

The four-headed hydra completely misses you.
The four-headed hydra misses you.
You feel yourself speed up. The four-headed hydra bites you.
The four-headed hydra misses you. The four-headed hydra bites you!
The four-headed hydra completely misses you.
You claw the four-headed hydra! You bite the four-headed hydra.
The four-headed hydra is heavily wounded.
You mangle the four-headed hydra!! You bite the four-headed hydra.
The four-headed hydra is almost dead.
The four-headed hydra misses you. The four-headed hydra bites you!
The four-headed hydra barely misses you.
The four-headed hydra bites you!
* * * LOW HITPOINT WARNING * * *
You completely miss the four-headed hydra.
The four-headed hydra is almost dead.
The four-headed hydra bites you!
* * * LOW HITPOINT WARNING * * *
The four-headed hydra closely misses you.
The four-headed hydra bites you.
You die...

####..# #..# ..##.## #..# ..##Y#
#####..#### #### .8##.#
##.P.#.+##P## .... ..##.#
#...........# ###.... .##..###
#...........# ##...... .......##
#...........###.....D.
.Y#.#...####....D......##P.##....
....#.#...##....@......###.##....
#......##..#...........###.##....
.##.#..##..'...........#...##..^.
........#.##...........'..###....
.8......#.##...........#### #(...
........+.##...........# #....
.8.......###...........## #
........## ####...####..# ###
.......## ###......###### ###..


You could see a four-headed hydra.

Vanquished Creatures
  A two-headed ogre (D:9)
  Erica (D:9)
  An orc knight (Bailey)
  Pikel (D:4)
  A troll (D:9)
  2 hippogriffs
  Sigmund (D:4)
  27 yaks
  A basilisk (D:10)
  Menkaure (D:5)
  5 water moccasins
  Duvessa (D:6)
  5 porcupines
  3 sky beasts
  4 ice beasts
  5 orc warriors
  3 slaves (D:4)
  A phantom (D:5)
  9 ogres
  5 centaurs
  3 crocodiles
  2 big kobolds
  A bullfrog (D:9)
  3 elf zombies (D:6)
  Dowan (D:6)
  2 water moccasin zombies
  An elf skeleton (D:6)
  A wyvern skeleton (D:7)
  3 scorpions (D:9)
  7 wights
  5 crimson imps
  2 centaur zombies
  3 hounds
  3 human zombies
  3 jellies
  6 orc priests
  2 iguanas
  2 human skeletons (D:6)
  Jessica (D:2)
  2 centaur skeletons
  4 orc wizards
  4 worker ants
  2 big kobold zombies (Ossuary)
  A killer bee zombie (D:8)
  6 hound zombies
  4 mummies (Ossuary)
  A howler monkey zombie (D:8)
  A worker ant zombie (D:5)
  8 gnolls
  A river rat (D:3)
  14 adders
  4 shadow imps
  7 oozes
  2 adder zombies (Ossuary)
  7 worms
  6 dart slugs
  4 leopard geckos
  45 orcs
  3 ball pythons
  8 giant cockroaches
  18 goblins
  12 hobgoblins
  10 jackals
  32 kobolds
  5 quokkas
  15 bats
  3 frilled lizards
  A giant cockroach zombie (D:5)
  A goblin zombie (Ossuary)
  2 leopard gecko skeletons
  A leopard gecko zombie (D:7)
  An orc skeleton (D:6)
  4 orc zombies
  14 rats
  A rat zombie (Ossuary)
383 creatures vanquished.

Vanquished Creatures (others)
  3 fungi
  5 plants (D:10)
8 creatures vanquished.

Grand Total: 391 creatures vanquished

Notes
Turn   | Place    | Note
-------+----------+-------------------------------------------
     0 | D:1      | Descartes the Felid Monk began the quest for the Orb.
     0 | D:1      | Reached XP level 1. HP: 10/10 MP: 2/2
   141 | D:1      | Reached XP level 2. HP: 3/14 MP: 3/3
  1240 | D:1      | Reached XP level 3. HP: 16/17 MP: 4/4
  2082 | D:2      | Reached XP level 4. HP: 15/21 MP: 5/5
  2207 | D:2      | Noticed Jessica
  2225 | D:2      | Killed Jessica
  2225 | D:2      | Reached skill level 4 in Unarmed Combat
  3104 | D:3      | Reached XP level 5. HP: 16/24 MP: 6/6
  3155 | D:3      | Reached skill level 5 in Dodging
  3215 | D:3      | Found a glowing drain.
  3225 | Sewer    | Entered a sewer
  4360 | D:3      | Gained mutation: You are covered in thick fur. (AC +2)
                  | [Felid growth]
  4360 | D:3      | Reached XP level 6. HP: 23/28 MP: 7/7
  4659 | D:3      | Found a stormy altar of Qazlal.
  4764 | D:3      | Found a bloodstained altar of Trog.
  5183 | D:4      | Reached skill level 5 in Unarmed Combat
  5256 | D:4      | Noticed Sigmund
  5258 | D:4      | Reached skill level 5 in Stealth
  5272 | D:4      | Killed Sigmund
  5272 | D:4      | Reached XP level 7. HP: 26/33 MP: 8/8
  5562 | D:4      | Noticed Pikel
  5959 | D:3      | Found a stormy altar of Qazlal.
  6698 | D:4      | Found a sparkling altar of Nemelex Xobeh.
  6953 | D:5      | Entered Level 5 of the Dungeon
  7938 | D:5      | Reached skill level 6 in Unarmed Combat
  7940 | D:5      | HP: 1/33 [centaur skeleton (8)]
  8286 | D:5      | Noticed Menkaure
  8301 | D:5      | Killed Menkaure
  8370 | D:5      | Reached skill level 5 in Fighting
  8370 | D:5      | Reached XP level 8. HP: 10/37 MP: 9/9
  8542 | D:4      | Slain by an ice beast
  8543 | D:4      | Reached XP level 7. HP: 0/33 MP: 8/8
  8563 | D:4      | Killed Pikel
  8563 | D:4      | Reached skill level 7 in Unarmed Combat
  8570 | D:4      | Reached XP level 8. HP: 37/37 MP: 9/9
  8786 | D:5      | Found an opulent altar of Gozag.
  8794 | D:5      | Reached skill level 8 in Unarmed Combat
  9183 | D:5      | Found a white marble altar of Elyvilon.
  9327 | D:6      | Found a sand-covered staircase.
  9419 | Ossuary  | Entered an ossuary
  9909 | D:6      | Reached XP level 9. HP: 41/41 MP: 10/10
 10009 | D:6      | Found a shattered altar of Ashenzari.
 10023 | D:6      | Found Omiybe Weeme's Antique Armour Emporium.
 10579 | D:3      | Found a bloodstained altar of Trog.
 10817 | D:4      | Found a sparkling altar of Nemelex Xobeh.
 11405 | D:3      | Found a bloodstained altar of Trog.
 11419 | D:3      | Found a stormy altar of Qazlal.
 13513 | D:6      | Found Tuff's Magic Scroll Emporium.
 13516 | D:6      | Bought a scroll of identify for 26 gold pieces
 13536 | D:6      | Noticed Duvessa
 13540 | D:6      | Noticed Dowan
 13541 | D:6      | Killed Duvessa
 13547 | D:6      | Killed Dowan
 13554 | D:6      | Reached skill level 1 in Evocations
 13859 | D:6      | Reached skill level 9 in Unarmed Combat
 15255 | D:7      | Found a staircase to the Ecumenical Temple.
 15272 | Temple   | Entered the Ecumenical Temple
 15741 | D:7      | Noticed a +0 hand axe
 15742 | D:7      | Noticed a +0 dagger
 15745 | D:7      | Found a hide-covered altar of Uskayaw.
 16716 | D:8      | Found an ornate altar of the Wu Jian Council.
 17062 | D:8      | Reached XP level 10. HP: 46/47 MP: 13/13
 17094 | D:8      | Found a sacrificial altar of Ru.
 17341 | D:9      | Found a flagged portal.
 17374 | Bailey   | Entered a bailey
 17470 | Bailey   | Noticed an orc knight
 17474 | Bailey   | Killed an orc knight
 17474 | Bailey   | Reached skill level 10 in Unarmed Combat
 17715 | D:9      | Found a roughly hewn altar of Beogh.
 17949 | D:9      | Reached skill level 10 in Stealth
 18098 | D:9      | Noticed Erica
 18113 | D:9      | Noticed a two-headed ogre
 18125 | D:9      | Killed a two-headed ogre
 18125 | D:9      | Reached skill level 10 in Dodging
 18860 | D:9      | You fall into a shaft and drop 1 floor!
 18860 | D:10     | Entered Level 10 of the Dungeon
 19022 | D:9      | Reached skill level 5 in Evocations
 19282 | D:9      | Reached skill level 11 in Unarmed Combat
 19621 | D:9      | Slain by Erica
 19622 | D:9      | Reached XP level 9. HP: -1/44 MP: 13/13
 19676 | D:9      | Killed from afar by Erica
 19677 | D:9      | Reached XP level 8. HP: -1/40 MP: 12/12
 19702 | D:9      | Killed Erica
 19702 | D:9      | Reached XP level 9. HP: 44/44 MP: 13/13
 20336 | D:10     | Found a staircase to the Lair.
 20957 | D:10     | Reached XP level 10. HP: 23/49 MP: 15/15
 21158 | D:10     | Identified the +5 trident of Agony {holy, rPois rF+ Str+2}
 21896 | Lair:1   | Entered Level 1 of the Lair of Beasts
 22031 | Lair:1   | HP: 2/49 [yak (12)]
 23547 | Lair:1   | Reached skill level 12 in Unarmed Combat
 24096 | Lair:1   | Noticed a four-headed hydra
 24239 | Lair:1   | HP: 1/49 [four-headed hydra (8)]
 24239 | Lair:1   | Slain by a four-headed hydra

Levels and vault maps discovered:
D:1:      lemuel_arrival_hallway, layout_loops_corners, columned_hall_lemuel,
          minmay_split_cup_small
D:2:      layout_rooms, uniq_jessica
D:3:      layout_basic, bloody_trog, grunt_qazlal_clouds, portal_sewer_entry_e
D:4:      layout_cave_pods, nemelex_diamond_rough_becter, uniq_pikel,
          uniq_sigmund
D:5:      layout_cave_pools, kennysheep_mini, lemuel_crystal_altar,
          first_ration, uniq_menkaure
D:6:      layout_basic, serial_shops, shop, nicolae_shop_trees,
          nicolae_ossuary_entry_catacombs, cheibrodos_ashenzari_chains,
          uniq_duvessa
D:7:      layout_basic, dancing_weapons_uskayaw, temple_green, serial_glass,
          glass_columns_b, glass_columns_c, glass_columns_b, glass_columns_a,
          glass_columns_a, glass_columns_a, glass_columns_a, glass_columns_b,
          glass_columns_a, glass_columns_a, grunt_ogre_cave, grunt_decor_cap,
          kennysheep_potato
D:8:      layout_loops_ring, kennysheep_mini_moat, marbit_many_paths,
          serial_rivers, chequers_serial_rivers_small_a,
          chequers_serial_rivers_room_b, chequers_serial_rivers_micro_a,
          chequers_serial_rivers_room_b, chequers_serial_rivers_micro_e
D:9:      layout_cave_pools, enter_bailey_6, special_room [special_room_orc],
          minmay_increasing_density, uniq_erica
D:10:     layout_basic, minmay_lair_entry_grove, orc_0_dummy,
          kennysheep_small_circle
Temple:   minmay_freezing_vapour_temple
Lair:1:   layout_roguey, grunt_megastairs_2

Skill      XL: |  1  2  3  4  5  6  7  8  9 10 |
---------------+-------------------------------+-----
Stealth        | 3 4 5 7 8 9 10 | 10.0
Unarmed Combat | 4 5 7 8 9 12 | 12.1
Dodging        | 5 6 7 8 9 11 | 11.6
Fighting       | 4 5 6 7 9 |  9.0
Evocations     | 3 6 |  6.6

Action                   |  1- 3 |  4- 6 |  7- 9 | 10-12 || total
-------------------------+-------+-------+-------+-------++-------
Melee: Unarmed           |   124 |   287 |   671 |   383 ||  1465
       Bite              |     7 |    29 |    85 |    58 ||   179
       Punch             |       |     5 |    19 |    28 ||    52
Evoke: Wand              |       |       |       |     1 ||     1
  Use: Scroll            |       |     4 |     8 |     2 ||    14
       Potion            |       |       |     7 |     8 ||    15
 Stab: Sleeping          |    14 |    10 |    31 |    24 ||    79
       Distracted        |       |     1 |     2 |     1 ||     4
  Eat: Chunk             |    10 |     6 |    32 |    16 ||    64
Armor: Skin              |     8 |    27 |    19 |     6 ||    60
Dodge: Dodged            |    89 |   290 |   540 |   398 ||  1317
